 Dungeon Sprint DCSS version 0.25-a0-2-g6559c6c (webtiles) character file.

Game seed: 1114469259008781626, levelgen mode: deterministic

17 schets the Skirmisher (level 2, -1/25 HPs)
             Began as a Demonspawn Monk on Oct 15, 2019.
             Was a Priest of Fedhas.
             Slain by a kobold (2 damage)
             ... in the Dungeon (Sprint VII: "The Pits").
             The game lasted 00:00:52 (400 turns).

schets the Skirmisher (Demonspawn Monk)              Turns: 400, Time: 00:00:53

Health: -1/25      AC:  2    Str: 11    XL:     2   Next: 44%
Magic:  3/3        EV: 13    Int: 11    God:    Fedhas [***...]
Gold:   0          SH:  0    Dex: 15    Spells: 1/1 levels left

rFire    . . .     SeeInvis .     - Unarmed
rCold    . . .     Gourm    .   (no shield)
rNeg     . . .     Faith    .   a - +0 robe
rPois    .         Spirit   .   (helmet restricted)
rElec    .         Reflect  .   (no cloak)
rCorr    .         Harm     .   (no gloves)
MR       .....     NoTele   +   (no boots)
Stlth    ++........             (no amulet)
HPRegen  0.08/turn              (no ring)
MPRegen  0.08/turn              (no ring)

@: no status effects
A: antennae 1
a: Wall of Briars, Grow Ballistomycete, Renounce Religion


You were in the Dungeon.
You worshipped Fedhas.
Fedhas was most pleased with you.
You were not hungry.

You visited 1 branch

Inventory:

Missiles
 m - 10 stones (quivered)
Armour
 a - a +0 robe (worn)
Scrolls
 h - a scroll of blinking
 j - 3 scrolls of remove curse
 k - 5 scrolls of amnesia
 l - a scroll of summoning
Potions
 c - a potion of curing
 d - a potion of heal wounds
 e - a potion of haste
 f - 4 potions of magic
 g - 3 potions of berserk rage
 i - 2 potions of invisibility
Comestibles
 b - 9 rations
 n - 2 chunks of flesh


   Skills:
 * Level 4.1 Fighting
 + Level 1.4 Armour
 + Level 3.2 Dodging
 - Level 1.7 Stealth
 * Level 3.6 Unarmed Combat
 * Level 1.7 Invocations


You had one spell level left.
You didn't know any spells.
Your spell library was empty.

Dungeon Overview and Level Annotations

Branches:
Dungeon (1/1)

Altars:
Ashenzari
Cheibriados
Dithmenos
Elyvilon
Fedhas
Gozag
Hepliaklqana
Kikubaaqudgha
Makhleb
Nemelex Xobeh
Okawaru
Qazlal
Ru
Sif Muna
Trog
Uskayaw
Vehumet
Wu Jian
Xom
Yredelemnul
Zin
The Shining One
Beogh
Jiyva
Lugonu


Innate Abilities, Weirdness & Mutations

You have a pair of small antennae on your head.


Message History

You miss the kobold.
The kobold is moderately wounded.
The iguana closely misses you. The kobold closely misses you.
You closely miss the kobold.
The kobold is moderately wounded.
The iguana barely misses you. The kobold barely misses you.
You hit the kobold.
The kobold is heavily wounded.
The iguana bites you! The kobold closely misses you.
You barely miss the kobold.
The kobold is heavily wounded.
The iguana misses you. The kobold hits you.
You barely miss the kobold.
The kobold is heavily wounded.
The iguana bites you!
Ouch! That really hurt!
* * * LOW HITPOINT WARNING * * *
The kobold hits you.
You die...
Fedhas appreciates your contribution to the ecosystem.

#+#####'#####......#
#..#..# #.......
#..)..# ####'###
#..#### #.......
#..# .# #.......
#..#..# #.......
##'#..#+###...<...
#.l......##.......
#@K......##.......
###########....... {
########


You could see an iguana and a kobold.

Vanquished Creatures
  2 oozes (D)
  A leopard gecko (D)
  An orc (D)
  A bat (D)
  A ball python (D)
  A frilled lizard (D)
  A kobold (D)
8 creatures vanquished.

Notes
Turn   | Place    | Note
-------+----------+-------------------------------------------
     0 | D        | schets the Demonspawn Monk began the quest for the Orb.
     0 | D        | Reached XP level 1. HP: 18/18 MP: 1/1
    13 | D        | Reached skill level 1 in Armour
    18 | D        | Found a bloodstained altar of Trog.
    18 | D        | Found a shimmering blue altar of Sif Muna.
    18 | D        | Found a viscous altar of Jiyva.
    18 | D        | Found a hazy altar of Hepliaklqana.
    18 | D        | Found an opulent altar of Gozag.
    19 | D        | Found a glowing golden altar of the Shining One.
    19 | D        | Found a glowing silver altar of Zin.
    19 | D        | Found a basalt altar of Yredelemnul.
    19 | D        | Found a shimmering altar of Xom.
    19 | D        | Found an ornate altar of the Wu Jian Council.
    19 | D        | Found a sacrificial altar of Ru.
    19 | D        | Found a stormy altar of Qazlal.
    19 | D        | Found an iron altar of Okawaru.
    19 | D        | Found a sparkling altar of Nemelex Xobeh.
    19 | D        | Found a burning altar of Makhleb.
    19 | D        | Found a blossoming altar of Fedhas.
    19 | D        | Found a white marble altar of Elyvilon.
    19 | D        | Found a shadowy altar of Dithmenos.
    19 | D        | Found a snail-covered altar of Cheibriados.
    20 | D        | Found a radiant altar of Vehumet.
    20 | D        | Found a corrupted altar of Lugonu.
    20 | D        | Found a roughly hewn altar of Beogh.
    21 | D        | Found an ancient bone altar of Kikubaaqudgha.
    21 | D        | Found a hide-covered altar of Uskayaw.
    21 | D        | Found a shattered altar of Ashenzari.
    24 | D        | Became a worshipper of Fedhas Madash
    24 | D        | Reached * piety under Fedhas
    24 | D        | Reached ** piety under Fedhas
   265 | D        | Reached skill level 1 in Invocations
   265 | D        | Gained mutation: You have a pair of small antennae on your
                  | head. [demonic ancestry]
   265 | D        | Reached XP level 2. HP: 21/25 MP: 2/2
   271 | D        | Reached *** piety under Fedhas
   271 | D        | Reached skill level 4 in Fighting
   400 | D        | HP: 1/25 [iguana (14)]
   400 | D        | Slain by a kobold

Levels and vault maps discovered:
D:        pitsprint [storerooms_1, entrance_room_1, metal_vault_1, armoury_3,
          mini_pit_1, grid_room_1, main_hall_1, silver_pit, the_coven_2,
          the_vestibule_1, steel_vault_3, golden_pit, hallway_of_sentries,
          crystal_vault_4, iron_vault_1, final_vault]

Skill      XL: |  1  2 |
---------------+-------+-----
Armour         | 1 |  1.4
Unarmed Combat | 3 |  3.6
Dodging        | 3 |  3.2
Invocations    | 1 |  1.7
Fighting       | 4 |  4.1
Stealth        | |  1.7

Action                   || total
-------------------------++-------
Melee: Unarmed           ||    36
       Punch             ||     1
Armor: Robe              ||     1
Dodge: Dodged            ||    35

Table legend:
 A = Non-vault XP
 B = Vault XP
 C = Vault XP percentage of total XP
 D = Non-vault monster count
 E = Vault monster count
 F = Vault count percentage of total count
                 A         B        C        D         E       F
            +---------+---------+-------+---------+---------+-------
      Total |       0 |      25 | 100.0 |       0 |       8 | 100.0
            +---------+---------+-------+---------+---------+-------
          D |       0 |      25 | 100.0 |       0 |       8 | 100.0
            +---------+---------+-------+---------+---------+-------
